 Dungeon Crawl Stone Soup version 0.29.1-12-g30fa7ad0bf (webtiles) character file.

Game seed: 13826856768852794058

184 melloss the Ducker (level 5, -5/24 HPs)
             Began as a Spriggan Enchanter on Dec 16, 2022.
             Slain by a gnoll
             ... wielding a +0 halberd
              (11 damage)
             ... on level 3 of the Dungeon.
             The game lasted 00:09:59 (3384 turns).

melloss the Ducker (Spriggan Enchanter)             Turns: 3384, Time: 00:09:59

Health: -5/24      AC:  2    Str:  6    XL:     5   Next: 36%
Magic:  2/10       EV: 23    Int: 17    God:
Gold:   112        SH:  0    Dex: 21    Spells: 6/9 levels left

rFire   . . .      SeeInvis +   a - +0 dagger (vamp)
rCold   . . .      Faith    .   (no shield)
rNeg    . . .      Spirit   .   b - +0 robe
rPois   .          Reflect  .   (helmet restricted)
rElec   .          Harm     .   (no cloak)
rCorr   .          Rampage  .   (gloves unavailable)
Will    .....                   (boots unavailable)
Stlth   +++.......              (no amulet)
HPRegen 0.08/turn               n - +6 ring of dexterity
MPRegen 0.12/turn               (no ring)

@: very quick
A: very small, no large weapons, unfitting armour, see invisible, speed 3
a: no special abilities


You were on level 3 of the Dungeon.
You visited 1 branch of the dungeon, and saw 3 of its levels.

You collected 112 gold pieces.

Inventory:

Hand Weapons
 a - a +0 vampiric dagger (weapon)
 h - a +1 dagger
Armour
 b - a +0 robe (worn)
 l - an orb of wrath
Jewellery
 n - a +6 ring of dexterity (left hand)
Scrolls
 e - a scroll of silence {unknown}
 f - 2 scrolls of identify {unknown}
 i - a scroll of immolation {unknown}
 m - 2 scrolls of summoning {unknown}
Potions
 c - 2 potions of invisibility
 d - 2 potions of curing {unknown}
 g - a potion of ambrosia {unknown}
 j - a potion of degeneration {unknown}
 k - 2 potions of flight {unknown}
 o - a potion of magic {unknown}


   Skills:
 - Level 1.1 Short Blades
 + Level 7.2 Dodging
 - Level 5.0 Stealth
 - Level 2.6 Spellcasting
 - Level 3.6 Hexes


You had 6 spell levels left.
You knew the following spells:

 Your Spells              Type           Power      Damage    Failure   Level
a - Ensorcelled Hibernat  Hex/Ice        16%        N/A       13%         2
b - Sting                 Tmut/Pois      8%         1d3       19%         1

Your spell library contained the following spells:

 Spells                   Type           Power      Damage    Failure   Level
 Confusing Touch          Hex            14%        N/A       12%         3
 Tukima's Dance           Hex            14%        N/A       12%         3
 Dazzling Flash           Conj/Hex       16%        N/A       26%         3
 Ozocubu's Armour         Ice            2%         N/A       47%         3
 Ozocubu's Refrigeration  Ice            1%         4d7       100%        7


Dungeon Overview and Level Annotations

Branches:
Dungeon (3/15)

Altars:
Trog


Innate Abilities, Weirdness & Mutations

You are very small and have problems with some larger weapons.
You are too small for most types of armour.
You have supernaturally acute eyesight. (SInv)
You cover ground extremely quickly. (Speed+++)


Message History

Aim: a gnoll, wielding a +0 whip (wandering, hasn't noticed you, chance to affect: 50%)
The gnoll shouts!
The gnoll looks drowsy...
The helpless gnoll fails to defend itself.
You impale the gnoll!!
You feel better.
You kill the gnoll!
You see here a +0 whip.
A gnoll is nearby!
Casting: Ensorcelled Hibernation (safe; 13% risk of failure)
Confirm with . or Enter, or press ? or * to list all spells.
Aiming: Ensorcelled Hibernation (safe; 13% risk of failure)
Press: ? - help, Shift-Dir - straight line, f - gnoll
Aim: a gnoll, wielding a +0 club (wandering, hasn't noticed you, chance to affect: 50%)
The gnoll shouts!
The gnoll looks drowsy...
The helpless gnoll fails to defend itself.
You impale the gnoll!!
You feel better.
You kill the gnoll!
You see here a +0 club.
The gnoll shouts! x2
The gnoll hits you with a +0 club.
Casting: Ensorcelled Hibernation (safe; 13% risk of failure)
Confirm with . or Enter, or press ? or * to list all spells.
Aiming: Ensorcelled Hibernation (safe; 13% risk of failure)
Press: ? - help, Shift-Dir - straight line, f - gnoll
Aim: a gnoll, wielding a +0 club (chance to affect: 50%)
The gnoll resists with some effort.
The gnoll hits you with a +0 club!
Casting: Ensorcelled Hibernation (safe; 13% risk of failure)
Confirm with . or Enter, or press ? or * to list all spells.
Aiming: Ensorcelled Hibernation (safe; 13% risk of failure)
Press: ? - help, Shift-Dir - straight line, f/p - gnoll
Aim: a gnoll, wielding a +0 club (chance to affect: 50%)
The gnoll looks drowsy...
The gnoll hits you from afar with a +0 halberd.
* * * LOW HITPOINT WARNING * * *
The helpless gnoll fails to defend itself.
You impale the gnoll!!
You kill the gnoll!
The gnoll hits you from afar with a +0 halberd!
You die...

######.#..'.._..'..#######
.......#.##.....##.##....#
.....###.g#.###.##.##....########
......g'..#.....#.....†.)'.......
.###.###g.#g###'#####....########
#.# #..g...#.##..)......... #.#
########.g#.###........ #.#
#..#.# #.####.## #.#
#####)@#.###.## .# ...
................. # #.#
######..#.###.### #.# #..#.# #.#
# #..#.# # ...#.# # ###.#.# #
..#.# # ## .# #


You could see a gnoll.

Vanquished Creatures
  Natasha (thrice) (D:2)
  3 gnolls (D:3)
  2 adders (D:2)
  2 worms
  2 dart slugs
  6 bats
  7 endoplasms
  4 giant cockroaches
  4 goblins
  9 hobgoblins
  3 jackals
  2 quokkas (D:1)
  4 ball pythons
  2 frilled lizards
  6 kobolds
  3 rats
62 creatures vanquished.

Notes
Turn   | Place    | Note
-------+----------+-------------------------------------------
     0 | D:1      | melloss the Spriggan Enchanter began the quest for the Orb.
     0 | D:1      | Reached XP level 1. HP: 9/9 MP: 5/5
   137 | D:1      | Reached skill level 3 in Dodging
   511 | D:1      | Reached XP level 2. HP: 13/13 MP: 6/6
   514 | D:1      | Learned a level 2 spell: Ensorcelled Hibernation
   520 | D:1      | Found a faded altar of an unknown god.
   525 | D:1      | Reached skill level 5 in Stealth
   533 | D:1      | Got Plato's Essays on Toxicity
   551 | D:1      | Learned a level 1 spell: Sting
   847 | D:1      | Reached skill level 4 in Dodging
  1162 | D:1      | Reached XP level 3. HP: 16/16 MP: 8/8
  1595 | D:2      | Noticed Natasha
  1649 | D:2      | Killed Natasha
  1650 | D:2      | Reached skill level 5 in Dodging
  1696 | D:2      | Noticed Natasha
  2046 | D:2      | Reached XP level 4. HP: 17/21 MP: 0/9
  2355 | D:2      | Killed Natasha
  2356 | D:2      | Reached skill level 6 in Dodging
  2439 | D:2      | Noticed Natasha
  2466 | D:2      | Killed Natasha
  2531 | D:2      | Reached XP level 5. HP: 22/24 MP: 0/10
  3176 | D:3      | Reached skill level 7 in Dodging
  3253 | D:3      | Found a bloodstained altar of Trog.
  3384 | D:3      | Slain by a gnoll

Illustrated notes

Levels and vault maps discovered:
D:1:      sevenhm_arrival_forest_fort_large_2, layout_loops_corners,
          shapermc_ecumenical_altar_rom_forum
D:2:      layout_rooms, uniq_natasha
D:3:      layout_basic, mainiacjoe_overflow_six_doors_small

Skill      XL: |  1  2  3  4  5 |
---------------+----------------+-----
Dodging        | 3 4 5 6 7 |  7.2
Stealth        | 5 |  5.0
Short Blades   | |  1.1
Spellcasting   | |  2.6
Hexes          | |  3.6

Action                   |  1- 3 |  4- 6 || total
-------------------------+-------+-------++-------
Melee: Dagger            |    97 |    82 ||   179
 Cast: Ensorcelled Hiber |    26 |    31 ||    57
 Stab: Sleeping          |    24 |    20 ||    44
Armor: Robe              |    12 |     7 ||    19
Dodge: Dodged            |   115 |    86 ||   201
